[Event "Team 45 45 League T51"]
[Site "Internet Chess Club"]
[Date "2011.12.05"]
[Round "4"]
[White "PsyMar"]
[Black "Kiter"]
[Result "1-0"]
[WhiteElo "1395"]
[BlackElo "1369"]
[Opening "Scotch game"]
[ECO "C45"]
[Time "17:01:47"]
[TimeControl "2700+45"]

1. e4 e5 2. Nf3 Nc6 3. d4 exd4 4. Nxd4 Nxd4 5. Qxd4 c5 6. Qe5+ Qe7 7. Qxe7+ Bxe7
8. Bc4 Nf6 9. e5 Ng4 10. f4 O-O 11. O-O b6 12. Bd5 Rb8 13. h3 Nh6 14. c4 Nf5 15.
Be4 Ng3 16. Rf3 Ne2+ 17. Kf2 Nxc1 18. Nd2 d5 19. cxd5 f5 20. Bc2 Bh4+ 21. g3 Be7
22. Rxc1 Bb7 23. Bb3 c4 24. Bxc4 Bc5+ 25. Ke2 Kh8 26. Rd3 Rbd8 27. d6 Be4 28.
Nxe4 fxe4 29. Rd5 g5 30. Rb1 gxf4 31. gxf4 Rxf4 32. Rxc5 bxc5 33. Ke3 Rdf8 34.
Bd5 Rf3+ 35. Ke2 Rf2+ 36. Ke3 R8f3+ 37. Kxe4 Rf4+ 38. Ke3 R2f3+ 39. Bxf3 Rh4 40.
Bg4 Rh6 41. e6 Rg6 42. d7 Rg7 43. Rf1 Re7 44. Rf8+ Kg7 45. d8=Q {Black resigns}
1-0

[Event "Team 45 45 League T51"]
[Site "Internet Chess Club"]
[Date "2011.12.05"]
[Round "4"]
[White "tc622"]
[Black "Skylab"]
[Result "1-0"]
[WhiteElo "1261"]
[BlackElo "1333"]
[Opening "Sicilian: Labourdonnais-Löwenthal variation"]
[ECO "B32"]
[Time "18:00:07"]
[TimeControl "2700+45"]

1. e4 c5 2. Nf3 Nc6 3. d4 cxd4 4. Nxd4 e5 5. Nb5 a6 6. Nd6+ Bxd6 7. Qxd6 Qe7 8.
Qxe7+ Ngxe7 9. a3 Nd4 10. Bd3 d6 11. c3 Ndc6 12. Be3 O-O 13. O-O Be6 14. Bg5 f6
15. Be3 d5 16. exd5 Bxd5 17. Bc5 Rfe8 18. Bxe7 Rxe7 19. c4 Be6 20. Nc3 Rd8 21.
Rad1 Red7 22. Nd5 Bxd5 23. cxd5 Rxd5 24. Bc4 Ne7 25. Bxd5+ Nxd5 26. Rd2 Kf7 27.
Rfd1 Ke6 28. g4 Rd7 29. Kg2 Nb6 30. Rxd7 Nxd7 31. f3 Nb6 32. b3 Nd5 33. Kf2 Nc3
34. Rc1 Nb5 35. a4 Nd4 36. b4 Kd7 37. Ke3 Nc6 38. b5 axb5 39. axb5 Nd4 40. b6
Nb3 41. Rc7+ Kd8 42. Rxb7 Nc5 43. Rxg7 {Black resigns} 1-0

[Event "Team 45 45 League T51"]
[Site "Internet Chess Club"]
[Date "2011.12.04"]
[Round "4"]
[White "alaskauk"]
[Black "mongmong"]
[Result "0-1"]
[WhiteElo "1487"]
[BlackElo "1617"]
[Opening "French: exchange variation"]
[ECO "C01"]
[Time "12:01:32"]
[TimeControl "2700+45"]

1. e4 e6 2. d4 d5 3. exd5 exd5 4. c4 Nf6 5. Nf3 Bd6 6. Bg5 O-O 7. Be2 dxc4 8.
Bxc4 Bg4 9. O-O h6 10. Be3 Nbd7 11. Nbd2 Nb6 12. Qb3 c6 13. Rfe1 Qc7 14. Rac1
Nxc4 15. Qxc4 Qd7 16. Qb3 Be6 17. Qc2 Nd5 18. a3 Rac8 19. Nc4 Bb8 20. Nfe5 Qc7
21. Qd2 f6 22. Nf3 Bg4 23. Nfe5 fxe5 24. Nxe5 Bf5 25. Bxh6 gxh6 26. Qxh6 Qg7 27.
Qh4 Bxe5 28. Rxe5 Rce8 29. Rce1 Rxe5 30. Rxe5 Qg6 31. f3 Re8 32. Rxe8+ Qxe8 33.
g4 Qe3+ 34. Kg2 Nf4+ 35. Kh1 Qxf3+ {White resigns} 0-1

[Event "Team 45 45 League T51"]
[Site "Internet Chess Club"]
[Date "2011.12.04"]
[Round "4"]
[White "seattleblues"]
[Black "Tjet"]
[Result "1/2-1/2"]
[WhiteElo "1483"]
[BlackElo "1447"]
[Opening "King's pawn opening"]
[ECO "B07"]
[Time "21:09:24"]
[TimeControl "2700+45"]

1. e4 d6 2. d4 e5 3. dxe5 dxe5 4. Qxd8+ Kxd8 5. Nf3 Bd6 6. Bc4 Be6 7. Bxe6 fxe6
8. Nc3 a6 9. Be3 Nf6 10. O-O Ke7 11. Rad1 Nc6 12. a3 Rad8 13. Nd2 h6 14. f3 b5
15. b4 g5 16. Ne2 g4 17. Kh1 gxf3 18. Rxf3 Ng4 19. Bg1 Rdf8 20. Rxf8 Rxf8 21.
Rf1 Rxf1 22. Nxf1 Nf6 23. Nd2 a5 24. c3 axb4 25. cxb4 Nb8 26. Nc3 c6 27. Nb3 Kd7
28. h3 Na6 29. Be3 h5 30. Kh2 Nc7 31. Kg3 Nce8 32. Bg5 Be7 33. Be3 Nd6 34. Nc5+
Kc8 35. Kf3 Nc4 36. Bc1 Bxc5 37. bxc5 Nd7 38. g4 hxg4+ 39. hxg4 Nxc5 40. g5 Kd7
41. g6 Ke7 42. Kg4 Kf6 43. Kh5 Kg7 44. Bh6+ Kg8 45. Kg5 Nxa3 46. Kf6 b4 47. Ne2
Nxe4+ 48. Kxe5 Nc3 49. Ng3 Nc4+ 50. Kxe6 Nd5 51. Nf5 b3 52. Bg7 b2 53. Bxb2 Nxb2
54. Kd6 Nc4+ 55. Kxc6 Ne5+ 56. Kxd5 Nxg6 {Game drawn because neither player has
mating material} 1/2-1/2

[Event "Team 45 45 League T51"]
[Site "Internet Chess Club"]
[Date "2011.12.02"]
[Round "4"]
[White "cmarler"]
[Black "MichaelJames"]
[Result "1-0"]
[WhiteElo "1469"]
[BlackElo "1346"]
[Opening "Giuoco Piano"]
[ECO "C50"]
[Time "20:00:39"]
[TimeControl "2700+45"]

1. e4 e5 2. Nf3 Nc6 3. Bc4 Bc5 4. O-O Nf6 5. d3 O-O 6. Bg5 Qe7 7. Nc3 Nd4 8. Nd5
Qd6 9. Nxd4 Bxd4 10. Nxf6+ gxf6 11. Bh6 Kh8 12. Bxf8 Qxf8 13. c3 Bb6 14. Qh5 d6
15. Qxf7 Qxf7 16. Bxf7 Bd7 17. a4 a5 18. Kh1 Rf8 19. Bb3 f5 20. f3 f4 21. Bc2
Rf6 22. Rad1 c5 23. h3 h5 24. Rb1 Bc6 25. Bb3 h4 26. Bd5 Rg6 27. Bxc6 bxc6 28.
b4 cxb4 29. cxb4 axb4 30. Rxb4 Bc5 31. Rb8+ Rg8 32. Rxg8+ Kxg8 33. Rb1 d5 34.
Rb8+ Kf7 35. Rc8 dxe4 36. dxe4 Ke7 37. Rxc6 Bd4 38. Rh6 Bf2 39. Rh5 Ke6 40. a5
Kd6 41. a6 Ke6 42. Rxh4 Kd6 43. Rh7 Kc6 44. a7 {Black resigns} 1-0

[Event "Team 45 45 League T51"]
[Site "Internet Chess Club"]
[Date "2011.12.03"]
[Round "4"]
[White "Conjurer"]
[Black "dpmdpm"]
[Result "0-1"]
[WhiteElo "1387"]
[BlackElo "1480"]
[Opening "King's Indian: fianchetto, Uhlmann (Szabo) variation"]
[ECO "A16"]
[Time "13:05:16"]
[TimeControl "2700+45"]

1. c4 Nf6 2. Nc3 g6 3. Nf3 Bg7 4. g3 O-O 5. Bg2 d6 6. O-O e5 7. d4 Nc6 8. d5 Ne7
9. e4 Nh5 10. Be3 f5 11. Ng5 h6 12. Nf3 f4 13. Bd2 Bd7 14. Qb3 Rb8 15. Rac1 g5
16. Ne2 g4 17. c5 gxf3 18. Qxf3 Qe8 19. gxf4 Nxf4 20. Nxf4 exf4 21. Bxf4 Ng6 22.
Qe3 Nxf4 {White resigns} 0-1

[Event "Team 45 45 League T51"]
[Site "Internet Chess Club"]
[Date "2011.12.03"]
[Round "4"]
[White "SirIvanhoe"]
[Black "zigzag2002"]
[Result "0-1"]
[WhiteElo "1501"]
[BlackElo "1810"]
[Opening "Sicilian: closed, 6.Be3"]
[ECO "B26"]
[Time "19:00:51"]
[TimeControl "2700+45"]

1. e4 c5 2. Nc3 Nc6 3. g3 g6 4. Bg2 Bg7 5. d3 d6 6. Be3 e6 7. Qd2 Rb8 8. Nge2
Nd4 9. O-O Ne7 10. Nc1 O-O 11. Nd1 b5 12. c3 Ndc6 13. Bh6 Ba6 14. Bxg7 Kxg7 15.
h4 d5 16. Nb3 c4 17. Nc5 Bc8 18. d4 b4 19. Ne3 bxc3 20. bxc3 h5 21. e5 Nf5 22.
Rfb1 Rb6 23. Rb2 Rxb2 24. Qxb2 Nxe3 25. fxe3 f6 26. Bh3 fxe5 27. Nxe6+ Bxe6 28.
Bxe6 Qd6 29. Qb7+ Ne7 30. Bxd5 exd4 31. exd4 Qxg3+ 32. Bg2 Rf7 33. Qb2 Qxh4 34.
Rf1 Nf5 35. Qf2 Qg5 36. Qf4 Qe7 37. Qe5+ Qxe5 38. dxe5 Ne3 39. Re1 Nxg2 40. Kxg2
Re7 41. Re4 Kf7 42. Rxc4 Rxe5 43. Rc7+ Re7 44. Rc6 Re2+ 45. Kf3 Rxa2 46. c4 a5
47. c5 a4 48. Ra6 Rc2 49. c6 a3 50. Ra7+ Kf6 51. c7 a2 52. Ke3 h4 53. Kd3 Rxc7
54. Rxa2 Re7 55. Rf2+ Kg5 56. Rg2+ Kh5 57. Rg1 h3 58. Rg3 g5 59. Rxh3+ Kg4 60.
Rh1 Kf3 61. Rh3+ Kg2 62. Rh5 g4 63. Rg5 g3 64. Rg8 Kf2 65. Rf8+ Kg1 66. Rg8 g2
67. Rg6 Rf7 68. Ke2 Re7+ 69. Kd2 Rh7 70. Ke2 Kh1 71. Kf2 Rf7+ 72. Ke2 g1=Q 73.
Rh6+ Qh2+ {White resigns} 0-1

[Event "Team 45 45 League T51"]
[Site "Internet Chess Club"]
[Date "2011.12.02"]
[Round "4"]
[White "cys456"]
[Black "LeanSixSigma"]
[Result "1-0"]
[WhiteElo "1626"]
[BlackElo "1384"]
[Opening "Ruy Lopez: closed"]
[ECO "C90"]
[Time "17:00:19"]
[TimeControl "2700+45"]

1. e4 e5 2. Nf3 Nc6 3. Bb5 a6 4. Ba4 Nf6 5. O-O Be7 6. Re1 b5 7. Bb3 d6 8. h3
Na5 9. c3 Nxb3 10. axb3 Bb7 11. Qc2 Nh5 12. d4 Nf4 13. Bxf4 exf4 14. Nbd2 O-O
15. c4 Bc6 16. d5 Bd7 17. Nd4 Bf6 18. N2f3 Be5 19. Rad1 Qf6 20. c5 Rfd8 21. c6
Bc8 22. Nxe5 Qxe5 23. Nf3 Qh5 24. e5 Bxh3 25. gxh3 Qxf3 26. Rd3 Qh5 27. Qe2 Qg6+
28. Kh2 dxe5 29. Qe4 Qd6 30. Qxe5 Qxe5 31. Rxe5 Re8 32. Rxe8+ Rxe8 33. d6 cxd6
34. c7 Kf8 35. Rxd6 Ke7 36. Rxa6 Rc8 37. Rb6 Rxc7 38. Rxb5 Rc2 39. Kg2 f6 40.
Rb7+ Kf8 41. b4 Rxb2 42. b5 h6 43. b6 Kg8 44. Rb8+ Kh7 45. b7 Kg6 46. Kf1 f3 47.
Ke1 Re2+ 48. Kd1 Re7 49. Kd2 Kf5 50. Kc3 Ke6 51. Kc4 Ke5 52. Kb5 Kf5 53. Kb6 h5
54. Rc8 Rxb7+ 55. Kxb7 g6 56. Kc6 Kg5 57. Kd5 f5 58. Ke5 Kh4 59. Rg8 g5 60. Kxf5
Kxh3 61. Rxg5 h4 62. Kf4 Kh2 63. Kxf3 h3 64. Rh5 Kh1 65. Rxh3+ Kg1 66. Kg3 Kf1
{Black resigns} 1-0

[Event "Team 45 45 League T51"]
[Site "Internet Chess Club"]
[Date "2011.12.02"]
[Round "4"]
[White "drsigmund1"]
[Black "iceface"]
[Result "1-0"]
[WhiteElo "1403"]
[BlackElo "1543"]
[Opening "Ruy Lopez: exchange variation, 5.O-O"]
[ECO "C68"]
[Time "19:00:07"]
[TimeControl "2700+45"]

1. e4 e5 2. Nf3 Nc6 3. Bb5 a6 4. Bxc6 dxc6 5. O-O Bg4 6. h3 Bxf3 7. Qxf3 Nf6 8.
Na3 Bc5 9. Nc4 Qd4 10. d3 b5 11. Be3 Qd8 12. Nxe5 Bxe3 13. Qxe3 Qd6 14. Nf3 Qe6
15. Qc5 Qd6 16. Qxd6 cxd6 17. e5 dxe5 18. Nxe5 c5 19. Rfe1 O-O 20. Re2 Rfe8 21.
Rae1 Rad8 22. Nc6 Rxe2 23. Rxe2 Rd6 24. Ne7+ Kh8 25. Nf5 Rd8 26. Re7 Kg8 27. g4
Kf8 28. Ra7 Nd5 29. Rxa6 Nb4 30. Rb6 g6 31. Ne3 Nxa2 32. Rxb5 Nc1 33. Kf1 Ra8
34. Rxc5 Na2 35. Nc4 Nb4 36. Na3 Re8 37. Rc4 Nd5 38. Re4 Rb8 39. Nc4 Nb4 40. Na3
Nd5 41. Nc4 Nb4 42. Re2 Nd5 43. c3 Nf4 44. Re3 Rd8 45. d4 Rc8 46. Na5 Rb8 47. b4
Rc8 48. b5 Nd5 49. Rd3 Nxc3 50. b6 Nd5 51. b7 Rb8 52. Rb3 Ne7 53. d5 Nxd5 54.
Nc6 Re8 55. b8=Q {Black resigns} 1-0

[Event "Team 45 45 League T51"]
[Site "Internet Chess Club"]
[Date "2011.12.05"]
[Round "4"]
[White "Joeohio"]
[Black "lawth3"]
[Result "1-0"]
[WhiteElo "1483"]
[BlackElo "1185"]
[Opening "Caro-Kann: Panov-Botvinnik attack"]
[ECO "B13"]
[Time "18:31:18"]
[TimeControl "2700+45"]

1. e4 c6 2. d4 d5 3. exd5 cxd5 4. c4 Nf6 5. Nc3 Nc6 6. Nf3 Bg4 7. Be3 e6 8. a3
Be7 9. Bd3 Qc7 10. h3 Bxf3 11. Qxf3 e5 12. cxd5 Na5 13. O-O Nc4 14. Bxc4 Qxc4
15. dxe5 Nd7 16. Bf4 O-O 17. Rfe1 Rae8 18. d6 Bd8 19. Re4 Qc5 20. Qg3 Re6 21.
Rae1 Rfe8 22. b4 Qc6 23. Bd2 Rg6 24. Qd3 Nxe5 25. Qd5 Nf3+ 26. Kh1 Rge6 27. Rxe6
Nxe1 28. Qxc6 Rf8 29. Qd7 fxe6 30. Qxe6+ Kh8 31. Bxe1 h6 32. d7 a6 33. Nd5 Kh7
34. Qe8 Kg8 35. Ne7+ {Black resigns} 1-0

[Event "Team 45 45 League T51"]
[Site "Internet Chess Club"]
[Date "2011.12.02"]
[Round "4"]
[White "mattphelps"]
[Black "otib2006"]
[Result "1/2-1/2"]
[WhiteElo "1325"]
[BlackElo "1266"]
[Opening "Sicilian"]
[ECO "B54"]
[Time "09:09:01"]
[TimeControl "2700+45"]

1. e4 c5 2. Nf3 d6 3. d4 cxd4 4. Nxd4 e5 5. Nf3 Nf6 6. Nc3 Be7 7. Be2 O-O 8. Be3
Nc6 9. O-O a6 10. h3 b5 11. Nd5 Nxd5 12. Qxd5 Qc7 13. b3 Be6 14. Qd2 Rad8 15.
Ng5 Bxg5 16. Bxg5 f6 17. Bh4 Nd4 18. Rae1 Qxc2 19. Qxc2 Nxc2 20. Rc1 Nd4 21. Bd3
g5 22. Bg3 f5 23. f3 f4 24. Bf2 Rd7 25. Rfd1 h5 26. Bxd4 exd4 27. Be2 d5 28.
Rxd4 dxe4 29. Rxd7 Bxd7 30. fxe4 g4 31. hxg4 Bxg4 32. Bxg4 hxg4 33. Rc5 Kh7 34.
Rc7+ Kg6 35. Rc6+ Rf6 36. Rc3 Re6 37. Kf2 Kg5 38. Rc5+ Kh4 39. e5 Kg5 40. a4 b4
41. g3 Kf5 42. Rc4 fxg3+ 43. Kxg3 Rxe5 44. Rxb4 Re3+ 45. Kh4 g3 46. Rg4 Rxb3 47.
Rg5+ Kf6 48. Rxg3 Rxg3 49. Kxg3 Ke5 50. Kf2 Kd4 51. Ke2 Kc4 52. Kd2 Kb4 53. Kc2
Kxa4 54. Kb2 Kb4 55. Ka2 Ka4 56. Kb2 Kb4 57. Ka2 a5 58. Ka1 Ka3 59. Kb1 Kb3 60.
Ka1 a4 61. Kb1 Kc3 62. Ka2 Kb4 63. Kb2 a3+ 64. Ka2 Ka4 65. Ka1 Kb3 66. Kb1 a2+
67. Ka1 Ka3 {White stalemated} 1/2-1/2

[Event "Team 45 45 League T51"]
[Site "Internet Chess Club"]
[Date "2011.12.04"]
[Round "4"]
[White "dpmdpm"]
[Black "kingsrook"]
[Result "1/2-1/2"]
[WhiteElo "1473"]
[BlackElo "1330"]
[Opening "Caro-Kann: exchange variation"]
[ECO "B13"]
[Time "13:01:54"]
[TimeControl "2700+45"]

1. e4 c6 2. d4 d5 3. exd5 cxd5 4. Bd3 Nf6 5. c3 Bg4 6. Qb3 Qc7 7. h3 Bh5 8. g4
Bg6 9. Bxg6 hxg6 10. g5 Ne4 11. Qxd5 Qc6 12. Qxc6+ Nxc6 13. Bf4 e6 14. Nd2 Nd6
15. O-O-O O-O-O 16. Ngf3 Nf5 17. Ne5 Nxe5 18. Bxe5 Rh7 19. Rh2 Bd6 20. Bxd6 Rxd6
21. Nc4 Rd7 22. Ne5 Rc7 23. d5 exd5 24. Rxd5 Ne7 25. Rd3 f6 26. gxf6 gxf6 27.
Nf3 g5 28. Nd2 f5 29. Rg2 Rg7 30. f4 g4 31. hxg4 fxg4 32. Rdg3 Nf5 33. Rxg4 Rxg4
34. Rxg4 Rg7 35. Rxg7 Nxg7 36. Ne4 Kc7 37. Kd2 Nf5 38. Kd3 Kc6 39. c4 a6 40. b4
b6 41. a4 a5 42. bxa5 bxa5 43. Kc3 Kb6 44. c5+ Kc6 45. Kc4 Ne3+ 46. Kd4 Nf5+ 47.
Ke5 Ne7 48. f5 Kd7 49. f6 Ng6+ 50. Kf5 Nf8 51. Ng5 Kc6 52. Ne6 Nd7 53. f7 Kd5
54. f8=Q Nxf8 55. Nxf8 Kxc5 56. Nd7+ Kb4 57. Nb6 Kc5 {Game drawn by mutual
agreement} 1/2-1/2

[Event "Team 45 45 League T51"]
[Site "Internet Chess Club"]
[Date "2011.12.03"]
[Round "4"]
[White "KidRattler"]
[Black "WzeroMN"]
[Result "1-0"]
[WhiteElo "1283"]
[BlackElo "1083"]
[Opening "two knights defense: Fegatello attack"]
[ECO "C57"]
[Time "16:05:47"]
[TimeControl "2700+45"]

1. e4 e5 2. Nf3 Nc6 3. Bc4 Nf6 4. Ng5 d5 5. exd5 Nxd5 6. Nxf7 Kxf7 7. Qf3+ Ke8
8. Qxd5 Qxd5 9. Bxd5 Bd6 10. Bxc6+ bxc6 11. Nc3 Be6 12. O-O Kd7 13. Ne4 Be7 14.
Ng3 g6 15. d3 Rab8 16. b3 Bb4 17. Ne4 Bf5 18. Bb2 Bxe4 19. dxe4 Ke6 20. a3 Bd6
21. f4 Rhf8 22. fxe5 Rxf1+ 23. Rxf1 Bxe5 24. Bxe5 Kxe5 25. Rf7 Kxe4 26. Rxc7 Rd8
27. Rxh7 Rd1+ 28. Kf2 Rd2+ 29. Kg3 Rxc2 30. Rxa7 Rc3+ 31. Kg4 Rxb3 32. Rc7 Rxa3
33. Rxc6 Ra4 34. Rxg6 Ke5+ 35. Kh3 Kf5 36. Rh6 Kg5 37. Rh8 Ra6 38. g3 Ra3 39.
Rf8 Ra6 40. Rf4 Ra3 41. Kg2 Ra2+ 42. Rf2 Rxf2+ 43. Kxf2 Kg4 44. Kg2 Kh5 45. Kf3
Kg5 46. h4+ Kh5 47. Kf4 Kg6 48. g4 Kh6 49. g5+ Kg6 50. h5+ Kxh5 51. Kf5 Kh4 52.
g6 Kh5 53. g7 Kh6 54. g8=Q {Black resigns} 1-0

[Event "Team 45 45 League T51"]
[Site "Internet Chess Club"]
[Date "2011.12.02"]
[Round "4"]
[White "CoasterBrake"]
[Black "kjs110"]
[Result "1-0"]
[WhiteElo "1106"]
[BlackElo "1006"]
[Opening "Scotch opening"]
[ECO "C44"]
[Time "10:00:57"]
[TimeControl "2700+45"]

1. e4 e5 2. d4 Nc6 3. Nf3 Nf6 4. dxe5 Nxe4 5. Bd3 Nc5 6. Bg5 Nxd3+ 7. cxd3 Be7
8. Bxe7 Qxe7 9. d4 d6 10. O-O dxe5 11. Re1 O-O 12. dxe5 Qb4 13. Qd2 Qxd2 14.
Nbxd2 Re8 15. Re3 Bd7 16. Rae1 Be6 17. a3 Rad8 18. Ne4 Bd5 19. Nc5 b6 20. Nd3
Bxf3 21. Rxf3 Nd4 22. Rh3 Nc2 23. Rc1 Nd4 24. Rxc7 Ne2+ 25. Kf1 Nf4 26. Nxf4
Rxe5 27. Re3 Rc5 28. Rxa7 Rc2 29. Rae7 Rd1+ 30. Re1 Rxe1+ 31. Rxe1 Rc4 32. Re8#
{Black checkmated} 1-0

[Event "Team 45 45 League T51"]
[Site "Internet Chess Club"]
[Date "2011.12.04"]
[Round "4"]
[White "PsyMar"]
[Black "mrmarck"]
[Result "1/2-1/2"]
[WhiteElo "1379"]
[BlackElo "1306"]
[Opening "Scandinavian (center counter) defense"]
[ECO "B01"]
[Time "11:00:25"]
[TimeControl "2700+45"]

1. e4 d5 2. exd5 Qxd5 3. Nc3 Qa5 4. d4 c6 5. Bf4 Nf6 6. Nf3 Bf5 7. Bd3 e6 8. O-O
Be7 9. Bxf5 Qxf5 10. Be3 O-O 11. a3 Nbd7 12. b4 Nd5 13. Nxd5 exd5 14. Rc1 Nf6
15. c4 dxc4 16. Rxc4 Rad8 17. Re1 Rfe8 18. Nh4 Qd5 19. Qc2 a6 20. Nf5 Bf8 21.
Rd1 Ne4 22. Ng3 Nxg3 23. hxg3 Qe4 24. Bf4 Rd5 25. f3 Qxc2 26. Rxc2 h6 27. Kf2
Rd7 28. Re2 Rdd8 29. Rxe8 Rxe8 30. d5 cxd5 31. Rxd5 Rc8 32. Rd7 Rc3 33. Rxb7
Rxa3 34. b5 Bc5+ 35. Ke2 Ra2+ 36. Bd2 axb5 37. Rxb5 Bd6 38. g4 Bf4 39. Rd5 Bxd2
40. Rxd2 Rxd2+ 41. Kxd2 Kh7 42. Ke3 Kg6 43. Kf4 f6 44. g3 h5 45. gxh5+ Kxh5 46.
Kf5 Kh6 47. g4 Kh7 48. Ke6 Kg8 49. f4 Kh7 50. Kf7 Kh6 51. f5 Kh7 52. Kf8 Kh8 53.
Kf7 {Game drawn by mutual agreement} 1/2-1/2

[Event "Team 45 45 League T51"]
[Site "Internet Chess Club"]
[Date "2011.12.01"]
[Round "4"]
[White "jjaillet2007"]
[Black "Skylab"]
[Result "1-0"]
[WhiteElo "1348"]
[BlackElo "1381"]
[Opening "QGD: 4.Nf3"]
[ECO "D37"]
[Time "17:00:36"]
[TimeControl "2700+45"]

1. d4 Nf6 2. c4 e6 3. Nf3 d5 4. Nc3 h6 5. cxd5 exd5 6. Bf4 Bd6 7. Bxd6 Qxd6 8.
e3 O-O 9. Bd3 Nc6 10. O-O Nb4 11. Bb1 Bg4 12. a3 Nc6 13. h3 Bh5 14. Re1 Rfe8 15.
Nb5 Qd8 16. Nc3 a6 17. e4 dxe4 18. Nxe4 Nxe4 19. Bxe4 Bxf3 20. Qxf3 Qxd4 21.
Bxc6 bxc6 22. Qxc6 Rxe1+ 23. Rxe1 Qxb2 24. Qxa8+ Kh7 25. Qxa6 Qd2 26. Qe2 Qc3
27. a4 Qa5 28. Qc2+ g6 29. Re7 Kg7 30. Qxc7 Qf5 31. Qe5+ {Black resigns} 1-0

[Event "Team 45 45 League T51"]
[Site "Internet Chess Club"]
[Date "2011.12.05"]
[Round "4"]
[White "tcianciola"]
[Black "BosqueVerde"]
[Result "0-1"]
[WhiteElo "1163"]
[BlackElo "1260"]
[Opening "QGD"]
[ECO "D52"]
[Time "18:19:38"]
[TimeControl "2700+45"]

1. d4 d5 2. c4 c6 3. Nf3 Nf6 4. Nc3 e6 5. Bg5 Nbd7 6. e3 Bb4 7. Be2 O-O 8. O-O
b6 9. Ne5 Qc7 10. Bf4 Bd6 11. Qa4 Bb7 12. Bd3 Nxe5 13. dxe5 Bxe5 14. Bxe5 Qxe5
15. h3 a6 16. cxd5 exd5 17. Rfe1 b5 18. Qh4 h6 19. a3 c5 20. f4 Qd6 21. e4 dxe4
22. Nxe4 Qd4+ 23. Nf2 c4 24. Bf1 Qxb2 25. Bxc4 bxc4 26. Rab1 Qc3 27. Rec1 Qxa3
28. Rxc4 Qa2 29. Rcb4 Bd5 30. f5 a5 31. R4b2 Qc4 32. Qg3 Ne4 33. Nxe4 Bxe4 34.
f6 g5 35. Qg4 Qc5+ 36. Kh2 Bxb1 37. Rxb1 Qe5+ {White resigns} 0-1

[Event "Team 45 45 League T51"]
[Site "Internet Chess Club"]
[Date "2011.12.03"]
[Round "4"]
[White "sere"]
[Black "WannaB"]
[Result "0-1"]
[WhiteElo "1234"]
[BlackElo "1106"]
[Opening "Queen's pawn game"]
[ECO "D04"]
[Time "12:02:36"]
[TimeControl "2700+45"]

1. e3 Nf6 2. d4 d5 3. Nf3 Bd7 4. Be2 Nc6 5. O-O e6 6. Bd2 Ne4 7. c4 Nb4 8. Ne5
Qe7 9. Bxb4 Qxb4 10. Nxd7 Kxd7 11. cxd5 Qxb2 12. dxe6+ fxe6 13. Qa4+ c6 14. Qc4
Qxa1 15. Bg4 Re8 16. Re1 b5 17. Qb3 a5 18. f3 a4 19. Qc2 Nf6 20. Rf1 Nxg4 21.
fxg4 Be7 22. Nd2 Qxf1+ 23. Kxf1 Ref8+ 24. Ke2 Bd6 25. Ne4 Bxh2 {White forfeits
on time} 0-1

[Event "Team 45 45 League T51"]
[Site "Internet Chess Club"]
[Date "2011.12.04"]
[Round "4"]
[White "papricka205"]
[Black "chicopee-ed"]
[Result "1-0"]
[WhiteElo "1464"]
[BlackElo "1384"]
[Opening "Pirc: Ufimtsev-Pytel variation"]
[ECO "B07"]
[Time "10:09:54"]
[TimeControl "2700+45"]

1. e4 d6 2. d4 Nf6 3. Nc3 c6 4. Nf3 Bg4 5. Be2 e6 6. O-O Nbd7 7. Bf4 Be7 8. Qd3
O-O 9. Rad1 Qc7 10. e5 Ne8 11. Ne4 d5 12. Ng3 c5 13. h3 Bxf3 14. Bxf3 cxd4 15.
Ne2 Qb6 16. Qxd4 Bc5 17. Qd3 Nc7 18. c4 Qc6 19. a3 a6 20. b4 Ba7 21. Nc3 Nb6 22.
cxd5 Nbxd5 23. Nxd5 Nxd5 24. Bxd5 exd5 25. Qxd5 Qxd5 26. Rxd5 Rad8 27. Rfd1 Bb6
28. Be3 Rxd5 29. Rxd5 Bxe3 30. fxe3 Re8 31. Kf2 Kf8 32. Kf3 g6 33. Kf4 Rc8 34.
Rd7 Rc6 35. Rxb7 Rc3 36. a4 a5 37. bxa5 Ra3 38. Rb4 Ra2 39. g4 h6 40. a6 Rf2+
41. Kg3 Rd2 42. a7 {Black resigns} 1-0

[Event "Team 45 45 League T51"]
[Site "Internet Chess Club"]
[Date "2011.12.02"]
[Round "4"]
[White "Check101"]
[Black "iwin2"]
[Result "1-0"]
[WhiteElo "1356"]
[BlackElo "1373"]
[Opening "Sicilian: Alapin's variation (2.c3)"]
[ECO "B22"]
[Time "19:22:08"]
[TimeControl "2700+45"]

1. e4 c5 2. c3 Nc6 3. Nf3 g6 4. d4 cxd4 5. cxd4 Bg7 6. Bc4 e6 7. Nc3 Nge7 8. O-O
O-O 9. e5 d5 10. Bb3 Qb6 11. a3 Nf5 12. Na4 Qb5 13. Nc3 Qa6 14. g4 Nfe7 15. h4
f6 16. exf6 Rxf6 17. Bg5 Rf7 18. Bc2 Qc4 19. h5 Nxd4 20. Nxd4 Qxd4 21. Qxd4 Bxd4
22. Rab1 gxh5 23. Nb5 Be5 24. f4 Bb8 25. Bxe7 Rxe7 26. g5 a6 27. Nd4 Ba7 28.
Rbd1 e5 29. fxe5 Rxe5 30. Kh1 Rxg5 31. Nf3 Rg3 32. Rxd5 Bh3 33. Kh2 Bxf1 34.
Kxg3 h4+ 35. Nxh4 Rf8 36. Rd7 Bf2+ 37. Kg4 Be2+ 38. Kh3 Rf4 39. Bxh7+ Kh8 40.
Ng6# {Black checkmated} 1-0

[Event "Team 45 45 League T51"]
[Site "Internet Chess Club"]
[Date "2011.12.01"]
[Round "4"]
[White "irock2011"]
[Black "Docvan"]
[Result "1-0"]
[WhiteElo "1288"]
[BlackElo "1186"]
[Opening "French: advance, Paulsen attack"]
[ECO "C02"]
[Time "19:32:27"]
[TimeControl "2700+45"]

1. e4 e6 2. d4 d5 3. e5 c5 4. c3 Nc6 5. Nf3 Qb6 6. Be2 Bd7 7. O-O Nge7 8. b3 Ng6
9. Be3 Be7 10. Qd2 Nh4 11. Rc1 Nxf3+ 12. Bxf3 O-O 13. Qd3 Na5 14. Nd2 Rac8 15.
c4 Nc6 16. cxd5 Nb4 17. Qe4 Nxd5 18. Nc4 Qa6 19. Qg4 Nxe3 20. Nxe3 b6 21. Be4
cxd4 22. Nc4 Bb5 23. Qf3 f6 24. Bb7 fxe5 25. Qe4 Bc6 26. Bxc6 Rf4 27. Qxe5 Rf6
28. Bd7 Rd8 29. Bxe6+ Kh8 30. Bg4 Qb7 31. Re1 Rg6 32. Bf3 Qxf3 33. g3 Bh4 34.
Qe8+ {Black resigns} 1-0

[Event "Team 45 45 League T51"]
[Site "Internet Chess Club"]
[Date "2011.12.03"]
[Round "4"]
[White "Mclintock45"]
[Black "joshq03"]
[Result "0-1"]
[WhiteElo "852"]
[BlackElo "1440"]
[Opening "Sicilian defense"]
[ECO "B20"]
[Time "10:00:33"]
[TimeControl "2700+45"]

1. e4 c5 2. Bc4 Nc6 3. Nc3 g6 4. Nf3 Bg7 5. d3 d6 6. O-O Bg4 7. Re1 Nd4 8. Qd2
Bxf3 9. gxf3 Nxf3+ 10. Kf1 Nxd2+ 11. Bxd2 e6 12. Bb5+ Kf8 13. d4 cxd4 14. Ne2 a6
15. Ba4 b5 16. Bb3 Nf6 17. Nxd4 Qe7 18. e5 dxe5 19. Rxe5 Ng4 20. Re4 Bxd4 21.
Rxd4 Qh4 22. Rf4 Rd8 23. Bc3 Nxh2+ 24. Ke1 Qxf4 25. Bxh8 Qd2# {White checkmated}
0-1

[Event "Team 45 45 League T51"]
[Site "Internet Chess Club"]
[Date "2011.12.03"]
[Round "4"]
[White "LazyPeon"]
[Black "Ivio"]
[Result "1-0"]
[WhiteElo "1786"]
[BlackElo "1704"]
[Opening "QGD: Albin counter-gambit, 5.g3"]
[ECO "D09"]
[Time "15:00:37"]
[TimeControl "2700+45"]

1. d4 d5 2. c4 e5 3. dxe5 d4 4. Nf3 Nc6 5. g3 Nge7 6. Bg2 Ng6 7. O-O Ngxe5 8.
Nbd2 Be7 9. b3 O-O 10. Bb2 Nxf3+ 11. Nxf3 Bf6 12. Qd2 Bg4 13. Rad1 Re8 14. Rfe1
Qe7 15. h3 Bxf3 16. Bxf3 Bg5 17. Qc2 Nb4 18. Qb1 c5 19. a3 Nc6 20. Bc1 Bxc1 21.
Qxc1 Ne5 22. Bd5 Rad8 23. Qf4 b5 24. e3 d3 25. e4 bxc4 26. bxc4 Rb8 27. Rb1 g6
28. Kg2 Kg7 29. Qe3 g5 30. f4 gxf4 31. gxf4 Ng6 32. e5 Qh4 33. Rxb8 Rxb8 34. f5
Nf4+ 35. Kf3 Rb3 36. f6+ Kh8 37. Rg1 Nxd5 38. cxd5 Qxh3+ 39. Rg3 Qf5+ 40. Kg2
Rb2+ 41. Kh1 Qh5+ 42. Rh3 Qd1+ 43. Qg1 Qxg1+ 44. Kxg1 d2 45. Rd3 Rb1+ 46. Kf2
d1=Q 47. Rxd1 Rxd1 48. e6 Kg8 49. e7 {Black resigns} 1-0

[Event "Team 45 45 League T51"]
[Site "Internet Chess Club"]
[Date "2011.12.04"]
[Round "4"]
[White "Salvatore"]
[Black "ticopatzer"]
[Result "1-0"]
[WhiteElo "1532"]
[BlackElo "1677"]
[Opening "Richter-Veresov attack"]
[ECO "D01"]
[Time "18:06:32"]
[TimeControl "2700+45"]

1. d4 d5 2. Nc3 Nf6 3. Bg5 c5 4. Bxf6 gxf6 5. e4 dxe4 6. dxc5 Qa5 7. Qd5 f5 8.
O-O-O Bg7 9. Bb5+ Kf8 10. Qd8+ Qxd8 11. Rxd8# {Black checkmated} 1-0